[Event "XVII Orsha-2019 Open"]
[Site "Orsha"]
[Date "2019.01.23"]
[Round "8.31"]
[White "Ivanov, Igor"]
[Black "Shaban, Aliaksandra"]
[Result "1/2-1/2"]
[ECO "B19"]
[WhiteElo "2131"]
[BlackElo "1482"]
[PlyCount "87"]
[EventDate "2019.01.18"]
[EventType "swiss"]
[EventCountry "BLR"]
[TimeControl "5400+30"]

1. e4 c6 2. d4 d5 3. Nd2 dxe4 4. Nxe4 Bf5 5. Ng3 Bg6 6. h4 h6 7. h5 Bh7 8. Nf3 e6 9. Bd3 Bxd3 10. Qxd3 Nf6 11. Bd2 Bd6 12. Ne4 Nxe4 13. Qxe4 Nd7 14. O-O-O Nf6 15. Qe2 Qc7 16. Ne5 O-O-O 17. Kb1 Bxe5 18. dxe5 Nd5 19. g4 Qe7 20. Qe4 Qc5 21. f4 Nb6 22. Be3 Qc4 23. Qf3 Nd5 24. Bd2 Nb4 25. Bxb4 Qxb4 26. a3 Qc5 27. Qe4 Rd5 28. c4 Rxd1+ 29. Rxd1 Rd8 30. Rxd8+ Kxd8 31. f5 exf5 32. gxf5 Qg1+ 33. Ka2 Qd1 34. Qh4+ Ke8 35. f6 gxf6 36. exf6 Qe2 37. Qf4 Kd7 38. Qxh6 Qxc4+ 39. Kb1 Qf1+ 40. Kc2 Qf2+ 41. Kc3 Qe1+ 42. Kd4 Qd1+ 43. Ke4 Qg4+ 44. Ke3 1/2-1/2

[Event "XVII Orsha-2019 Open"]
[Site "Orsha"]
[Date "2019.01.23"]
[Round "8.32"]
[White "Poliakova, Varvara"]
[Black "Dolgopyatov, Andrey"]
[Result "1-0"]
[ECO "A06"]
[WhiteElo "1835"]
[BlackElo "1393"]
[PlyCount "45"]
[EventDate "2019.01.18"]
[EventType "swiss"]
[EventCountry "BLR"]
[TimeControl "5400+30"]

1. Nf3 d5 2. e3 Nf6 3. b3 Bg4 4. Be2 e6 5. Bb2 Be7 6. O-O O-O 7. d4 Nbd7 8. c4 c6 9. Nc3 Ne4 10. Nxe4 dxe4 11. Ne5 Bxe2 12. Qxe2 f5 13. Rad1 Nf6 14. f4 exf3 15. gxf3 Qe8 16. Kh1 Qh5 17. Rf2 Kh8 18. Rg2 Rad8 19. Rdg1 Rg8 20. Qe1 Nd7 21. Rg5 Bxg5 22. Rxg5 Qe8 23. Ng6+ 1-0

[Event "XVII Orsha-2019 Open"]
[Site "Orsha"]
[Date "2019.01.23"]
[Round "8.33"]
[White "Sukalina, Alina"]
[Black "Gusenkova, Karina"]
[Result "0-1"]
[ECO "E12"]
[WhiteElo "1546"]
[BlackElo "1642"]
[PlyCount "62"]
[EventDate "2019.01.18"]
[EventType "swiss"]
[EventCountry "BLR"]
[TimeControl "5400+30"]

1. d4 Nf6 2. c4 e6 3. Nf3 b6 4. a3 Bb7 5. Nc3 d5 6. e3 Be7 7. Be2 O-O 8. b4 dxc4 9. Bxc4 c5 10. dxc5 Qxd1+ 11. Kxd1 bxc5 12. b5 Nbd7 13. Bb2 Nb6 14. Bd3 Rfd8 15. Ke2 Nfd5 16. Nxd5 Bxd5 17. e4 Bb3 18. Nd2 c4 19. Nxb3 cxd3+ 20. Kf3 Nc4 21. Bd4 Nxa3 22. Bc5 Bxc5 23. Nxc5 Nxb5 24. Rhd1 d2 25. Ke3 Rac8 26. Nd3 Rc3 27. Rxd2 f5 28. exf5 exf5 29. f4 Na3 30. Rc1 Rxc1 31. Nxc1 Nc4+ 0-1

[Event "XVII Orsha-2019 Open"]
[Site "Orsha"]
[Date "2019.01.23"]
[Round "8.34"]
[White "Slesareva, Miraslava"]
[Black "Poghosyan, Sarmen"]
[Result "1/2-1/2"]
[ECO "D02"]
[WhiteElo "1626"]
[BlackElo "1361"]
[PlyCount "60"]
[EventDate "2019.01.18"]
[EventType "swiss"]
[EventCountry "BLR"]
[TimeControl "5400+30"]

1. d4 d5 2. Bf4 Nf6 3. e3 e6 4. Nf3 c5 5. c3 Nc6 6. Nbd2 Bd6 7. Bg3 O-O 8. Be2 b6 9. Ne5 Bb7 10. f4 Bxe5 11. fxe5 Nd7 12. O-O f6 13. exf6 Nxf6 14. Bh4 Qd7 15. Bxf6 gxf6 16. Bd3 f5 17. Bb5 Qe7 18. Bxc6 Bxc6 19. Nf3 Be8 20. Ne5 Qg5 21. Qf3 Bh5 22. Qf4 Qxf4 23. Rxf4 c4 24. Raf1 Bg6 25. R4f3 Kg7 26. Rg3 Rg8 27. Rf4 Raf8 28. Rh4 Rh8 29. Rh5 Rfg8 30. Rhg5 Kf6 1/2-1/2

[Event "XVII Orsha-2019 Open"]
[Site "Orsha"]
[Date "2019.01.23"]
[Round "8.35"]
[White "Kuleba, Ivan"]
[Black "Simonian, Anna"]
[Result "1-0"]
[ECO "A26"]
[WhiteElo "1617"]
[BlackElo "1289"]
[PlyCount "149"]
[EventDate "2019.01.18"]
[EventType "swiss"]
[EventCountry "BLR"]
[TimeControl "5400+30"]

1. c4 Nf6 2. Nf3 g6 3. g3 Bg7 4. Bg2 O-O 5. O-O d6 6. d3 e5 7. Nc3 Nc6 8. Rb1 a5 9. a3 Bf5 10. Nd2 Nd4 11. b4 axb4 12. axb4 Qd7 13. Bxb7 Bh3 14. Bg2 Rab8 15. e3 Bxg2 16. Kxg2 Ne6 17. Nf3 Ne8 18. e4 f5 19. Ne1 Nd4 20. f3 f4 21. Nc2 Ne6 22. Bd2 Ng5 23. g4 Nf6 24. h3 h5 25. b5 hxg4 26. hxg4 Kf7 27. Nd5 Rh8 28. Nxf6 Bxf6 29. Nb4 Rh3 30. Rh1 Rg3+ 31. Kf2 Rh8 32. Rxh8 Bxh8 33. Nd5 Nh3+ 34. Ke2 Rg2+ 35. Kf1 Rg1+ 36. Ke2 Rxd1 37. Rxd1 Ng5 38. Ra1 Ne6 39. Ra7 Kg8 40. b6 Kh7 41. b7 Nd4+ 42. Kd1 Nc6 43. b8=Q Nxb8 44. Rxc7 Qxc7 45. Nxc7 g5 46. Nb5 Nd7 47. Nxd6 Nc5 48. Ke2 Kg6 49. Bb4 Ne6 50. Nf5 Bf6 51. c5 Nd8 52. Ba5 Nc6 53. Bc7 Bh8 54. Bd6 Bf6 55. Kd2 Kf7 56. Kc3 Ke6 57. Kc4 Kd7 58. Kb5 Nd8 59. Kb6 Nc6 60. Bf8 Bd8+ 61. Kb5 Bf6 62. Bg7 Bd8 63. d4 exd4 64. Nxd4 Na7+ 65. Kc4 Nc8 66. e5 Ke8 67. e6 Ke7 68. Kd5 Bc7 69. Nf5+ Ke8 70. Nd6+ Nxd6 71. cxd6 Bd8 72. d7+ Ke7 73. Ke5 Bc7+ 74. Kf5 Bd8 75. Bf6+ 1-0

[Event "XVII Orsha-2019 Open"]
[Site "Orsha"]
[Date "2019.01.23"]
[Round "8.36"]
[White "Katkov, Mikhail"]
[Black "Vlasov, Andrey"]
[Result "1-0"]
[ECO "D30"]
[WhiteElo "1916"]
[BlackElo "2316"]
[PlyCount "57"]
[EventDate "2019.01.18"]
[EventType "swiss"]
[EventCountry "BLR"]
[TimeControl "5400+30"]

1. d4 d5 2. Nf3 Nf6 3. c4 c6 4. e3 e6 5. Nbd2 Qa5 6. Bd3 Bd6 7. O-O O-O 8. c5 Be7 9. Ne5 Nbd7 10. f4 Qd8 11. b4 Nxe5 12. fxe5 Nd7 13. Rf3 g6 14. Qc2 Kg7 15. a4 f6 16. Rg3 Qe8 17. Nf3 f5 18. Ng5 Bxg5 19. Rxg5 Qe7 20. Rg3 Nb8 21. Qd2 b6 22. e4 dxe4 23. Qh6+ Kg8 24. Be2 Bd7 25. Bg5 Qf7 26. Bf6 Be8 27. Bc4 Bd7 28. h4 b5 29. h5 1-0

[Event "XVII Orsha-2019 Open"]
[Site "Orsha"]
[Date "2019.01.23"]
[Round "8.37"]
[White "Davidov, Alexey"]
[Black "Gonov, Sergey"]
[Result "0-1"]
[ECO "B40"]
[WhiteElo "1688"]
[BlackElo "1905"]
[PlyCount "68"]
[EventDate "2019.01.18"]
[EventType "swiss"]
[EventCountry "BLR"]
[TimeControl "5400+30"]

1. e4 c5 2. Nf3 e6 3. g3 d5 4. exd5 exd5 5. d4 Nf6 6. Bg2 Be7 7. O-O O-O 8. Nc3 Bg4 9. Be3 Nc6 10. h3 Bh5 11. g4 Bg6 12. dxc5 Nb4 13. Rc1 Ne4 14. Nxe4 dxe4 15. Ne5 f5 16. Nxg6 hxg6 17. a3 Nd5 18. Bd4 Nf4 19. Be3 Nxg2 20. Kxg2 f4 21. Bd4 f3+ 22. Kg1 Bg5 23. Be3 Bxe3 24. Qxd8 Bxf2+ 25. Kxf2 Raxd8 26. Ke3 Rfe8 27. Rcd1 Rxd1 28. Rxd1 Kf7 29. Rd7+ Re7 30. Rd6 Re6 31. Rd7+ Ke8 32. Rxb7 Rf6 33. c6 f2 34. c7 Kd7 0-1

[Event "XVII Orsha-2019 Open"]
[Site "Orsha"]
[Date "2019.01.23"]
[Round "8.38"]
[White "Borodulin, Pavel"]
[Black "Dolgopyatov, Evgeniy"]
[Result "1/2-1/2"]
[ECO "D35"]
[WhiteElo "1481"]
[BlackElo "1661"]
[PlyCount "46"]
[EventDate "2019.01.18"]
[EventType "swiss"]
[EventCountry "BLR"]
[TimeControl "5400+30"]

1. d4 Nf6 2. c4 e6 3. Nc3 d5 4. Bg5 Nbd7 5. e3 Be7 6. Nf3 O-O 7. cxd5 exd5 8. Bd3 c6 9. O-O Re8 10. Rc1 Nf8 11. Qb3 Ng6 12. Bxg6 hxg6 13. Rfe1 Nh5 14. Bxe7 Rxe7 15. Ne5 Nf6 16. Na4 Ne4 17. f3 Nd6 18. Nc5 Qb6 19. Qa3 Nb5 20. Qb4 Nd6 21. Qa3 Nb5 22. Qb4 Nd6 23. Qa3 Nb5 1/2-1/2

[Event "XVII Orsha-2019 Open"]
[Site "Orsha"]
[Date "2019.01.23"]
[Round "8.39"]
[White "Kulikov, Egor"]
[Black "Masterova, Daria"]
[Result "1-0"]
[ECO "C55"]
[WhiteElo "1557"]
[BlackElo "1500"]
[PlyCount "87"]
[EventDate "2019.01.18"]
[EventType "swiss"]
[EventCountry "BLR"]
[TimeControl "5400+30"]

1. e4 e5 2. Nf3 Nc6 3. Bc4 Nf6 4. d3 h6 5. Nc3 Bb4 6. Bd2 d6 7. h3 Na5 8. Bb3 Nxb3 9. axb3 Bd7 10. O-O O-O 11. Ne2 Bc5 12. Ng3 Re8 13. Be3 Bxe3 14. fxe3 c6 15. Qe2 d5 16. exd5 cxd5 17. e4 Qb6+ 18. Kh1 d4 19. Nd2 Be6 20. Nc4 Bxc4 21. bxc4 a6 22. b3 Qc7 23. Nf5 Re6 24. Qe1 Nh5 25. Qh4 Nf4 26. g3 Ng6 27. Qg4 Qd8 28. h4 Qf8 29. c5 Ne7 30. Nd6 Rg6 31. Qd7 f6 32. Kh2 Ra7 33. h5 Rg5 34. Qe6+ Kh7 35. g4 Nc6 36. Kh3 Nd8 37. Qd7 Kg8 38. b4 g6 39. Ne8 Nf7 40. Nxf6+ Kg7 41. Nh7 Qg8 42. Nxg5 hxg5 43. h6+ Kf8 44. Qd8# 1-0

[Event "XVII Orsha-2019 Open"]
[Site "Orsha"]
[Date "2019.01.24"]
[Round "9"]
[White "Fedorov, Alexei"]
[Black "Zabotin, Alexander"]
[Result "*"]
[ECO "B20"]
[WhiteElo "2557"]
[BlackElo "2484"]
[Annotator "ChessBase"]
[PlyCount "53"]
[EventDate "2019.01.18"]
[EventType "swiss"]
[EventCountry "BLR"]
[SourceTitle "playchess.com"]
[Source "ChessBase"]
[SourceQuality "1"]
[TimeControl "5400+30"]

1. e4 c5 2. d3 Nc6 3. g3 g6 4. Bg2 Bg7 5. f4 d6 6. Nf3 Nf6 7. O-O O-O 8. Nc3 Nd4 9. h3 Nd7 10. g4 b5 11. Nxd4 Bxd4+ 12. Kh1 b4 13. Ne2 Bg7 14. a3 bxa3 15. Rxa3 Bb7 16. f5 e6 17. Bf4 Ne5 18. Qd2 Qe7 19. b4 exf5 20. gxf5 d5 21. exd5 cxb4 22. Ra5 Nd7 23. Rb1 Rfe8 24. Rxb4 Nf6 25. Ng3 Rac8 26. c4 a6 27. Rb1 *

[Event "XVII Orsha-2019 Open"]
[Site "Orsha"]
[Date "2019.01.24"]
[Round "9"]
[White "Krylov, Ivan"]
[Black "Grishchenko, Sergey"]
[Result "*"]
[ECO "D34"]
[WhiteElo "2441"]
[BlackElo "2409"]
[Annotator "ChessBase"]
[PlyCount "50"]
[EventDate "2019.01.18"]
[EventType "swiss"]
[EventCountry "BLR"]
[SourceTitle "playchess.com"]
[Source "ChessBase"]
[SourceQuality "1"]
[TimeControl "5400+30"]

1. d4 d5 2. c4 e6 3. Nf3 c5 4. cxd5 exd5 5. g3 Nc6 6. Bg2 Nf6 7. O-O Be7 8. Nc3 O-O 9. b3 Ne4 10. Bb2 Bf6 11. Na4 cxd4 12. Nxd4 Bd7 13. Rc1 Rc8 14. Nc5 Re8 15. e3 Nxd4 16. Bxd4 Bb5 17. Re1 Nxc5 18. Bxc5 b6 19. Bd4 Rxc1 20. Qxc1 Bxd4 21. exd4 Rxe1+ 22. Qxe1 Qd6 23. h4 f6 24. Qc3 Bd7 25. Bf3 Bf5 *

[Event "XVII Orsha-2019 Open"]
[Site "Orsha"]
[Date "2019.01.24"]
[Round "9"]
[White "Zarubitski, Viachaslau"]
[Black "Cherepov, Alexej"]
[Result "*"]
[WhiteElo "2415"]
[BlackElo "2226"]
[Annotator "RC"]
[PlyCount "60"]
[EventDate "2019.01.18"]
[EventType "swiss"]
[EventCountry "BLR"]
[SourceTitle "playchess.com"]
[Source "ChessBase"]
[SourceQuality "1"]
[TimeControl "5400+30"]

1. e4 e5 2. Nf3 Nc6 3. Nc3 g6 4. d4 exd4 5. Nxd4 Bg7 6. Be3 d6 7. Qd2 Nf6 8. f3 O-O 9. O-O-O Re8 10. Nxc6 bxc6 11. Bc4 Be6 12. Bb3 Nd7 13. Bd4 Ne5 14. f4 c5 15. Bxe5 dxe5 16. Qf2 Qf6 17. Bxe6 fxe6 18. Qxc5 exf4 19. Rd7 f3 20. Rf1 Rad8 21. Rxf3 Qh4 22. Rxg7+ Kxg7 23. Qxc7+ Kg8 24. Qf7+ Kh8 25. b3 Qg5+ 26. Kb2 Qxg2 27. Qf6+ Kg8 28. Qf7+ Kh8 29. Qf6+ Kg8 30. e5 Rc8 *

[Event "XVII Orsha-2019 Open"]
[Site "Orsha"]
[Date "2019.01.24"]
[Round "9"]
[White "Lazavik, Denis"]
[Black "Moskalenko, Alexander"]
[Result "1/2-1/2"]
[ECO "E11"]
[WhiteElo "2296"]
[BlackElo "2517"]
[Annotator "ChessBase"]
[PlyCount "44"]
[EventDate "2019.01.18"]
[EventType "swiss"]
[EventCountry "BLR"]
[SourceTitle "playchess.com"]
[Source "ChessBase"]
[SourceQuality "1"]
[TimeControl "5400+30"]

1. d4 e6 2. c4 Nf6 3. Nf3 Bb4+ 4. Bd2 c5 5. Bxb4 cxb4 6. g3 b6 7. Bg2 Bb7 8. O-O O-O 9. a3 bxa3 10. Rxa3 Qc7 11. Nbd2 a5 12. Qb1 d6 13. e4 e5 14. d5 Na6 15. Ne1 Nc5 16. Nc2 a4 17. Ne3 Ra5 18. f4 Nfd7 19. Nf5 g6 20. Nh6+ Kg7 21. Ng4 Kg8 22. Ne3 Kg7 1/2-1/2

[Event "XVII Orsha-2019 Open"]
[Site "Orsha"]
[Date "2019.01.24"]
[Round "9"]
[White "Afonasieva, Anna"]
[Black "Ghevondyan, Arman"]
[Result "1-0"]
[ECO "D85"]
[WhiteElo "2265"]
[BlackElo "1679"]
[Annotator "NA"]
[PlyCount "71"]
[EventDate "2019.01.18"]
[EventType "swiss"]
[EventCountry "BLR"]
[SourceTitle "playchess.com"]
[Source "ChessBase"]
[SourceQuality "1"]
[TimeControl "5400+30"]

1. d4 Nf6 2. c4 g6 3. Nc3 d5 4. cxd5 Nxd5 5. e4 Nb6 6. h3 Bg7 7. Nf3 O-O 8. Be2 Nc6 9. Be3 Na5 {[%emt 0:02:47] D70: Grünfeld: Unusual White 3rd moves (met by ...d5)} (9... f5 10. exf5 Bxf5 11. Qb3+ Kh8 12. d5 Ne5 13. Nxe5 Bxe5 14. O-O e6 15. f4 Bg7 16. g4 Qh4 17. Kh2 exd5 18. Bxb6 axb6 19. gxf5 {0-1 (28) Kuzubov,Y (2558)-Mamedyarov,S (2646) Dubai 2005}) 10. b3 c5 11. Rc1 cxd4 12. Nxd4 Nc6 $146 ({Predecessor:} 12... Bd7 13. O-O Nc6 14. Ndb5 Nc8 15. Nd5 a6 16. Nbc3 e6 17. Nf4 {1-0 (36) Cvitan,O (2498)-Katavic,B (2188) Split 2015}) 13. Nxc6 bxc6 14. O-O Bb7 15. a4 Nc8 16. Bc5 Nd6 17. Bd3 Qc7 18. Qe2 Rfd8 {[%emt 0:01:57] [#]} (18... Bc8 $1 $14) 19. e5 $1 Nc8 20. f4 f5 (20... e6 $16 {was necessary.} 21. Rfd1 Bf8 22. Bxf8 Kxf8) 21. Bc4+ Kh8 22. h4 Nb6 23. Bf7 Rf8 {[%emt 0:00:52] [#]} (23... Nd7 $142) 24. e6 $1 Bf6 25. h5 Kg7 26. g4 fxg4 27. Qxg4 Rxf7 28. exf7 Kxf7 29. hxg6+ hxg6 30. Ne4 Bc8 31. Ng5+ Bxg5 (31... Ke8 $142 32. Ne6 Bxe6 33. Qxe6 Qc8 34. Qg8+ {[%mdl 64] Double Attack} Kd7 35. Qxg6 Kc7) 32. fxg5+ Kg8 (32... Ke8 $142 33. Qh4 Bf5) 33. Qh4 ({Not} 33. Qf3 Bf5 $18) 33... Nd5 34. Bd4 $18 e5 35. Qh6 Bf5 36. Rxf5 1-0

[Event "XVII Orsha-2019 Open"]
[Site "Orsha"]
[Date "2019.01.24"]
[Round "9"]
[White "Shkalov, Oleg"]
[Black "Tihonov, Jurij"]
[Result "*"]
[ECO "D10"]
[WhiteElo "2225"]
[BlackElo "2399"]
[Annotator "NA"]
[PlyCount "57"]
[EventDate "2019.01.18"]
[EventType "swiss"]
[EventCountry "BLR"]
[SourceTitle "playchess.com"]
[Source "ChessBase"]
[SourceQuality "1"]
[TimeControl "5400+30"]

1. d4 d5 2. c4 c6 3. Nc3 dxc4 4. e3 b5 5. a4 b4 6. Ne4 {[%emt 0:00:16] D10: Slav Defence: 3 cxd5 (without early Nf3) and 3 Nc3} Qd5 7. Nd2 c3 8. bxc3 bxc3 9. Nb1 e5 (9... Qa5 10. Qc2 Na6 11. Qxc3 Qxc3+ 12. Nxc3 Nb4 13. Rb1 a5 {1-0 (79) Wojtaszek,R (2750)-Bartel,M (2604) Warsaw 2018 CBM 185 [Roiz,M]}) 10. dxe5 $146 ({Predecessor:} 10. Nxc3 Bb4 11. Bd2 Qa5 12. Ne4 Nf6 13. Nxf6+ gxf6 {½-½ (77) Markus,R (2604)-Hracek,Z (2646) Germany 2015}) 10... Bb4 11. Qxd5 cxd5 12. Bb5+ Nd7 13. Ne2 c2+ 14. Nd2 Ne7 15. Ba3 Bxa3 16. Rxa3 O-O 17. Nf3 Ng6 18. Bxd7 Bxd7 19. Kd2 Rfc8 20. Ned4 a5 21. Rc1 Rc4 22. Rxc2 Rxa4 23. Rxa4 Bxa4 24. Ra2 (24. Rc7 $16) 24... Bd7 25. Nb3 Bg4 $11 26. Rxa5 Rxa5 27. Nxa5 Bxf3 28. gxf3 Nxe5 29. f4 *

[Event "XVII Orsha-2019 Open"]
[Site "Orsha"]
[Date "2019.01.24"]
[Round "9"]
[White "Galkin, Gleb"]
[Black "Vorobjov, Pavel"]
[Result "*"]
[ECO "D02"]
[WhiteElo "2156"]
[BlackElo "2296"]
[Annotator "NA"]
[PlyCount "54"]
[EventDate "2019.01.18"]
[EventType "swiss"]
[EventCountry "BLR"]
[SourceTitle "playchess.com"]
[Source "ChessBase"]
[SourceQuality "1"]
[TimeControl "5400+30"]

1. d4 d5 2. Nf3 Nf6 3. c4 c6 4. Nc3 e6 5. e3 Nbd7 6. Qc2 Bd6 7. b3 O-O 8. Be2 b6 9. O-O Bb7 10. Bb2 Rc8 11. Rad1 c5 12. cxd5 exd5 13. Rfe1 {[%emt 0:02:28] D45: Semi-Slav: 5 e3} Qe7 14. Bf1 (14. Qf5 Qe6 15. Bd3 Rfe8 16. dxc5 bxc5 17. Ng5 Qe5 18. Nf3 Qe6 19. Ng5 Qe5 20. Nf3 Qe6 {½-½ (20) Grischuk,A (2715)-Vallejo Pons,F (2660) Heraklio 2007}) 14... Rfd8 $146 ({Predecessor:} 14... Rfe8 15. g3 Ne4 16. Bh3 cxd4 17. exd4 Bb4 18. Re3 Rc7 19. Rc1 {0-1 (27) Hess,C (2208)-Hansen,M (2312) Germany 2015}) 15. g3 Ne4 16. Qb1 Ndf6 17. Bh3 Nxc3 18. Bxc3 Ne4 19. Bb2 Qf6 20. Bg2 c4 21. Re2 (21. bxc4 $15 dxc4 22. d5) 21... c3 22. Bc1 c2 23. Rxc2 Nc3 24. Rxc3 Rxc3 25. Bb2 Rc7 26. Ne5 Qe6 $17 27. Bf3 f6 *

[Event "XVII Orsha-2019 Open"]
[Site "Orsha"]
[Date "2019.01.24"]
[Round "9"]
[White "Vashchilov, Sergey"]
[Black "Egorenkov, Igor"]
[Result "*"]
[ECO "B00"]
[WhiteElo "2134"]
[BlackElo "2213"]
[Annotator "NA"]
[PlyCount "47"]
[EventDate "2019.01.18"]
[EventType "swiss"]
[EventCountry "BLR"]
[SourceTitle "playchess.com"]
[Source "ChessBase"]
[SourceQuality "1"]
[TimeControl "5400+30"]

1. e4 c5 2. Nf3 e6 3. b3 d5 4. exd5 exd5 5. Bb5+ Bd7 6. Bxd7+ Nxd7 7. O-O Bd6 8. Bb2 Ngf6 9. Re1+ Kf8 10. d4 c4 11. bxc4 dxc4 12. a4 Rc8 13. Nc3 a6 14. Ne5 Qc7 15. Qe2 b6 16. f4 h5 17. Qf3 Rh6 18. Re2 Rb8 19. Rae1 Kg8 20. g3 b5 21. axb5 axb5 22. Nc6 Rc8 23. Ne5 Rb8 24. Bc1 $14 *

[Event "XVII Orsha-2019 Open"]
[Site "Orsha"]
[Date "2019.01.24"]
[Round "9"]
[White "Strybuk, Artsiom I"]
[Black "Mihajlovskij, Sergei"]
[Result "*"]
[WhiteElo "2110"]
[BlackElo "2406"]
[Annotator "ChessBase"]
[PlyCount "44"]
[EventDate "2019.01.18"]
[EventType "swiss"]
[EventCountry "BLR"]
[SourceTitle "playchess.com"]
[Source "ChessBase"]
[SourceQuality "1"]
[TimeControl "5400+30"]

1. d4 Nf6 2. c4 e6 3. Nc3 Bb4 4. e3 O-O 5. Nge2 Re8 6. a3 Bf8 7. g3 d6 8. e4 c5 9. Bg2 Nc6 10. O-O a6 11. h3 Rb8 12. Be3 e5 13. dxc5 dxc5 14. Nd5 h6 15. Kh2 b5 16. cxb5 axb5 17. Rc1 Nd4 18. b4 Nxd5 19. exd5 cxb4 20. Bxd4 exd4 21. axb4 Bxb4 22. Nxd4 Rb6 *

[Event "XVII Orsha-2019 Open"]
[Site "Orsha"]
[Date "2019.01.24"]
[Round "9"]
[White "Navumenka, Mikhei"]
[Black "Aliakbarov, Anar"]
[Result "*"]
[ECO "E61"]
[WhiteElo "2104"]
[BlackElo "2282"]
[Annotator "NA"]
[PlyCount "62"]
[EventDate "2019.01.18"]
[EventType "swiss"]
[EventCountry "BLR"]
[SourceTitle "playchess.com"]
[Source "ChessBase"]
[SourceQuality "1"]
[TimeControl "5400+30"]

1. d4 Nf6 2. c4 g6 3. Nc3 Bg7 4. Nf3 O-O 5. g3 d6 6. Bg2 Nc6 7. O-O Bf5 8. Nh4 Bd7 9. e4 {[%emt 0:02:04] E62: King's Indian: Fianchetto: 6...c6 and Panno Variation (6...Nc6) without ...a6} (9. f4 Na5 10. b3 c5 11. dxc5 dxc5 12. Bd2 Bc6 13. Nd5 Nxd5 14. cxd5 Bb5 15. Rc1 Rc8 16. Bc3 Qb6 17. Bxg7 Kxg7 {1-0 (52) Gajewski,G (2628)-Fedorov,A (2598) Khanty-Mansiysk 2017 CBM 179 [Krasenkow,M]}) 9... e5 10. dxe5 dxe5 11. Nd5 $146 ({Predecessor:} 11. f4 Qe7 12. Nd5 Nxd5 13. cxd5 Nd4 14. Be3 c6 15. fxe5 Qxe5 16. Bf4 Qe8 {1-0 (58) Buhin,D (1978)-Dzaja,M (1953) Osijek 2015}) 11... Nd4 12. Be3 c6 13. Nxf6+ Bxf6 14. Bxd4 exd4 15. Nf3 c5 16. Ne1 b5 17. b3 bxc4 18. bxc4 Rb8 19. Nd3 Qa5 20. f4 Be6 21. Rc1 Qxa2 22. Rf2 Qb3 23. Qxb3 Rxb3 24. Nxc5 Rc3 25. Ra1 d3 26. e5 Be7 27. Ne4 Rxc4 $19 28. Rxa7 Bd8 29. Ra6 Rb4 30. Rd2 Rb1+ 31. Kf2 Bc4 *

[Event "XVII Orsha-2019 Open"]
[Site "Orsha"]
[Date "2019.01.24"]
[Round "9.5"]
[White "Shkalov, Oleg"]
[Black "Tihonov, Jurij"]
[Result "1/2-1/2"]
[ECO "D10"]
[WhiteElo "2225"]
[BlackElo "2399"]
[Annotator "NA"]
[PlyCount "64"]
[EventDate "2019.01.18"]
[EventType "swiss"]
[EventCountry "BLR"]
[SourceTitle "playchess.com"]
[Source "ChessBase"]
[SourceQuality "1"]
[TimeControl "5400+30"]

1. d4 d5 2. c4 c6 3. Nc3 dxc4 4. e3 b5 5. a4 b4 6. Ne4 {[%emt 0:00:16] D10: Slav Defence: 3 cxd5 (without early Nf3) and 3 Nc3} Qd5 7. Nd2 c3 8. bxc3 bxc3 9. Nb1 e5 (9... Qa5 10. Qc2 Na6 11. Qxc3 Qxc3+ 12. Nxc3 Nb4 13. Rb1 a5 {1-0 (79) Wojtaszek,R (2750)-Bartel,M (2604) Warsaw 2018 CBM 185 [Roiz,M]}) 10. dxe5 $146 ({Predecessor:} 10. Nxc3 Bb4 11. Bd2 Qa5 12. Ne4 Nf6 13. Nxf6+ gxf6 {½-½ (77) Markus,R (2604)-Hracek,Z (2646) Germany 2015}) 10... Bb4 11. Qxd5 cxd5 12. Bb5+ Nd7 13. Ne2 c2+ 14. Nd2 Ne7 15. Ba3 Bxa3 16. Rxa3 O-O 17. Nf3 Ng6 18. Bxd7 Bxd7 19. Kd2 Rfc8 20. Ned4 a5 21. Rc1 Rc4 22. Rxc2 Rxa4 23. Rxa4 Bxa4 24. Ra2 (24. Rc7 $16) 24... Bd7 25. Nb3 Bg4 $11 26. Rxa5 Rxa5 27. Nxa5 Bxf3 28. gxf3 Nxe5 29. f4 Nf3+ 30. Ke2 Ng1+ 31. Kf1 Nf3 32. Ke2 Ng1+ 1/2-1/2

[Event "XVII Orsha-2019 Open"]
[Site "Orsha"]
[Date "2019.01.24"]
[Round "9.6"]
[White "Galkin, Gleb"]
[Black "Vorobjov, Pavel"]
[Result "0-1"]
[ECO "D45"]
[WhiteElo "2156"]
[BlackElo "2296"]
[Annotator "NA"]
[PlyCount "88"]
[EventDate "2019.01.18"]
[EventType "swiss"]
[EventCountry "BLR"]
[SourceTitle "playchess.com"]
[Source "ChessBase"]
[SourceQuality "1"]
[TimeControl "5400+30"]

1. d4 d5 2. Nf3 Nf6 3. c4 c6 4. Nc3 e6 5. e3 Nbd7 6. Qc2 Bd6 7. b3 O-O 8. Be2 b6 9. O-O Bb7 10. Bb2 Rc8 11. Rad1 c5 12. cxd5 exd5 13. Rfe1 {[%emt 0:02:28] D45: Semi-Slav: 5 e3} Qe7 14. Bf1 (14. Qf5 Qe6 15. Bd3 Rfe8 16. dxc5 bxc5 17. Ng5 Qe5 18. Nf3 Qe6 19. Ng5 Qe5 20. Nf3 Qe6 {½-½ (20) Grischuk,A (2715)-Vallejo Pons,F (2660) Heraklio 2007}) 14... Rfd8 $146 ({Predecessor:} 14... Rfe8 15. g3 Ne4 16. Bh3 cxd4 17. exd4 Bb4 18. Re3 Rc7 19. Rc1 {0-1 (27) Hess,C (2208)-Hansen,M (2312) Germany 2015}) 15. g3 Ne4 16. Qb1 Ndf6 17. Bh3 Nxc3 18. Bxc3 Ne4 19. Bb2 Qf6 20. Bg2 c4 21. Re2 (21. bxc4 $15 dxc4 22. d5) 21... c3 22. Bc1 c2 23. Rxc2 Nc3 24. Rxc3 Rxc3 25. Bb2 Rc7 26. Ne5 Qe6 $17 27. Bf3 f6 28. Bg4 Qe8 29. Nd3 Qe4 30. Bh3 Qe8 31. Bg4 Bc8 32. Bf3 Be6 33. Ne1 Qg6 34. Qxg6 hxg6 35. Be2 g5 36. Bd3 Kf7 37. f3 g4 38. f4 g6 39. Rd2 Bb4 40. Re2 Bxe1 41. Rxe1 Bf5 42. Bxf5 gxf5 43. Re2 Rdc8 44. Ba3 Rc2 0-1

[Event "XVII Orsha-2019 Open"]
[Site "Orsha"]
[Date "2019.01.24"]
[Round "9.8"]
[White "Vashchilov, Sergey"]
[Black "Egorenkov, Igor"]
[Result "1/2-1/2"]
[ECO "B40"]
[WhiteElo "2134"]
[BlackElo "2213"]
[Annotator "NA"]
[PlyCount "163"]
[EventDate "2019.01.18"]
[EventType "swiss"]
[EventCountry "BLR"]
[SourceTitle "playchess.com"]
[Source "ChessBase"]
[SourceQuality "1"]
[TimeControl "5400+30"]

1. e4 c5 2. Nf3 e6 3. b3 d5 4. exd5 exd5 5. Bb5+ Bd7 6. Bxd7+ Nxd7 7. O-O Bd6 8. Bb2 Ngf6 9. Re1+ Kf8 10. d4 c4 11. bxc4 dxc4 12. a4 Rc8 13. Nc3 a6 14. Ne5 Qc7 15. Qe2 b6 16. f4 h5 17. Qf3 Rh6 18. Re2 Rb8 19. Rae1 Kg8 20. g3 b5 21. axb5 axb5 22. Nc6 Rc8 23. Ne5 Rb8 24. Bc1 $14 b4 25. Nd5 Nxd5 26. Nxd7 Qxd7 27. Qxd5 Qb5 28. Qf3 Rf6 29. Kg2 Rf5 30. Re4 Qa4 31. Qe2 Qc6 32. d5 Rxd5 33. Qf3 b3 34. cxb3 cxb3 35. R1e2 Rc5 36. Bb2 Rc2 37. Kh3 f5 38. Re8+ Rxe8 39. Qxb3+ Kh7 40. Rxc2 Qd7 41. Rd2 Qe6 42. Qd3 Bf8 43. Be5 Re7 44. Qf3 Qg6 45. Kg2 Re6 46. Rd8 Re8 47. Rd7 Re7 48. Rd6 Re6 49. Rxe6 Qxe6 50. Qxh5+ Kg8 51. Qg5 Qa2+ 52. Kh3 Qe6 53. Qd8 Qh6+ 54. Kg2 Qc6+ 55. Kg1 Qc1+ 56. Kg2 Qc6+ 57. Kh3 Qh6+ 58. Qh4 Qxh4+ 59. Kxh4 Be7+ 60. Kh3 g5 61. fxg5 Bxg5 62. Kg2 Kh7 63. Kf3 Kg6 64. Bf4 Be7 65. h3 Bc5 66. Bc7 Ba3 67. Kf4 Bc1+ 68. Ke5 Bb2+ 69. Ke6 Bc3 70. Bf4 Be1 71. Kd5 Bf2 72. Bd6 Be1 73. Kd4 Bf2+ 74. Kd3 Be1 75. Ke2 Ba5 76. Kf2 Bb6+ 77. Kf3 Ba5 78. h4 Bd2 79. Bf4 Bb4 80. Be5 Bd2 81. Ke2 Bb4 82. Kf3 $11 1/2-1/2